 Dungeon Crawl Stone Soup version 0.31.0-1-g2c135a0 (webtiles) character file.

Game seed: 3469141550933509936

28 DocterCrane the Grave Robber (level 2, 0/19 HPs)
             Began as a Demonspawn Necromancer on Jan 25, 2024.
             Was a Follower of Dithmenos.
             Slain by an adder (4 damage)
             ... on level 2 of the Dungeon on Mar 21, 2024.
             The game lasted 00:20:10 (740 turns).

DocterCrane the Grave Robber (DsNe)                  Turns: 740, Time: 00:20:12

Health: 0/19       AC:  2    Str:  8    XL:     2   Next: 96%
Magic:  0/5        EV: 12    Int: 15    God:    Dithmenos [*.....]
Gold:   76         SH:  0    Dex: 13    Spells: 4/5 levels left

rFire   . . .        i - +0 dagger
rCold   . . .        (no shield)
rNeg    . . .        a - +0 robe
rPois   .            (no helmet)
rElec   .            (no cloak)
rCorr   .            (no gloves)
SInv    .            (no boots)
Will    .....        (no amulet)
Stlth   ++           (no ring)
HPRegen 0.23/turn    (no ring)
MPRegen 0.09/turn

%: no passive effects
@: lethally poisoned (0 -> -3), wreathed by umbra
A: ignite blood 1
a: Renounce Religion


You were on level 2 of the Dungeon.
You worshipped Dithmenos.
Dithmenos was aware of your devotion.
You visited 1 branch of the dungeon, and saw 2 of its levels.

You collected 76 gold pieces.

Inventory:

Hand Weapons
 i - a +0 dagger (weapon)
Armour
 a - a +0 robe (worn)
 h - a +1 chain mail of fire resistance
Magical Staves
 j - a staff of fire
Scrolls
 g - a scroll of immolation {unknown}
 l - a scroll of amnesia {unknown}
Potions
 b - a potion of magic
 c - a potion of ambrosia {unknown}
 d - a potion of lignification {unknown}
 e - a potion of haste {unknown}
 f - a potion of attraction {unknown}
 k - a potion of invisibility {unknown}


   Skills:
 + Level 2.0 Dodging
 + Level 1.9 Stealth
 + Level 2.2 Spellcasting
 + Level 5.1 Necromancy


You had 4 spell levels left.
You knew the following spells:

 Your Spells              Type           Power      Damage    Failure   Level
a - Necrotise             Necr           68%        1d7       2%          1

Your spell library contained the following spells:

 Spells                   Type           Power      Damage    Failure   Level
 Vampiric Draining        Necr           17%        2d7       8%          3
 Sandblast                Erth           2%         2d4       22%         1
 Animate Dead             Necr           17%        N/A       26%         4
 Passwall                 Erth           1%         N/A       54%         3
 Stone Arrow              Conj/Erth      2%         3d7       54%         3
 Brom's Barrelling Bould  Conj/Erth      1%         2d3       91%         4
 Curse of Agony           Necr           17%        N/A       58%         5


Dungeon Overview and Level Annotations

Branches:
Dungeon (2/15)

Altars:
Dithmenos


Innate Abilities, Weirdness & Mutations

Your demonic aura sometimes causes spilled blood to erupt in flames.


Message History

Press: ? - help, Dir - move target, f/p - hobgoblin
Aim: a hobgoblin (almost dead, umbra, about 38% to evade your +0 dagger)
Okay, then.
Casting: Necrotise (safe; 2% risk of failure)
Confirm with . or Enter, or press ? or * to list all spells.
Aiming: Necrotise (safe; 2% risk of failure)
Press: ? - help, Shift-Dir - straight line, f/p - hobgoblin
Aim: a hobgoblin (almost dead, umbra, chance to affect: 87%)
The hobgoblin writhes in agony.
You kill the hobgoblin!
Dithmenos accepts your kill.
The dead are walking!
You feel sick. The adder barely misses you. The hobgoblin closely misses you.
You feel sick. The adder attacks as it pursues you! The adder bites you.
You are more poisoned.
The adder poisons you! The hobgoblin barely misses you.
You feel sick.
Your hobgoblin skeleton completely misses the kobold.
The kobold attacks as it pursues you! The kobold closely misses you.
The adder completely misses you.
You feel sick.
The jackal bites your hobgoblin skeleton.
Your hobgoblin skeleton hits the jackal but does no damage.
The kobold attacks as it pursues you! The kobold closely misses you.
The jackal bites your hobgoblin skeleton.
* * * LOW HITPOINT WARNING * * *
You feel sick. The adder attacks as it pursues you!
The adder closely misses you.
Your hobgoblin skeleton closely misses the jackal.
The kobold throws a stone.
The stone misses you.
Casting: Necrotise (safe; 2% risk of failure)
Confirm with . or Enter, or press ? or * to list all spells.
You don't have enough magic to cast this spell.
Hit: i) +0 dagger
Press: ? - help, Dir - move target, f - adder
Aim: an adder (umbra, about 56% to evade your +0 dagger)
You miss the adder.
* * * LOW HITPOINT WARNING * * *
You feel sick. The adder bites you.
You die...

....... ##.......
##........
###############.........
##.....#.................
##.............#..........
#...............#.........
#.........SKhZ..#.........
#........@.g....#..#......
#...............#.......##
#..........(....#......)..
#..........)....#.........
##.............##
##.....).<...##
######.###### #.# #.#


You could see an adder, a jackal (ally target), a hobgoblin, a kobold and a
friendly hobgoblin skeleton.

Vanquished Creatures
  An adder (D:2)
  2 endoplasms
  2 goblins
  3 hobgoblins
  A ball python (D:2)
  3 bats
  5 kobolds
17 creatures vanquished.

Vanquished Creatures (collateral kills)
  An endoplasm (D:2)
1 creature vanquished.

Grand Total: 18 creatures vanquished

Notes
Turn   | Place    | Note
-------+----------+-------------------------------------------
     0 | D:1      | DocterCrane the Demonspawn Necromancer began the quest for
                  | the Orb.
     0 | D:1      | Reached XP level 1. HP: 13/13 MP: 3/3
   285 | D:1      | Found a faded altar of an unknown god.
   517 | D:1      | Prayed at the altar of an unknown god.
   517 | D:1      | Became a worshipper of Dithmenos the Shadowed
   517 | D:1      | Reached * piety under Dithmenos
   557 | D:1      | Gained mutation: Your demonic aura sometimes causes spilled
                  | blood to erupt in flames. [demonic ancestry]
   557 | D:1      | Reached XP level 2. HP: 19/19 MP: 1/5
   649 | D:2      | Reached skill level 5 in Necromancy
   740 | D:2      | Slain by an adder

Illustrated notes

Levels and vault maps discovered:
D:1:      amcnicky_arrival_feature_with_door, layout_loops_ring,
          hellmonk_ecumenical_altar_run_dry
D:2:      layout_rooms, basic_altar

Skill      XL: |  1  2 |
---------------+-------+-----
Necromancy     | 5 |  5.1
Dodging        | 2 |  2.0
Stealth        | |  1.9
Spellcasting   | |  2.2

Action                     || total
---------------------------++-------
  Melee: Staff             ||     9
         Dagger            ||     3
   Cast: Necrotise         ||    27
 Armour: Robe              ||    17
  Dodge: Dodged            ||    25
